 Dungeon Crawl Stone Soup version 0.27-a0-1188-g73eefd5def (webtiles) character file.

Game seed: 13172358178682094246

70 leviel the Skirmisher (level 4, -4/41 HPs)
             Began as a Minotaur Fighter on May 20, 2021.
             Slain by Natasha (6 damage)
             ... on level 2 of the Dungeon.
             The game lasted 00:01:31 (917 turns).

leviel the Skirmisher (Minotaur Fighter)             Turns: 917, Time: 00:01:32

Health: -4/41      AC:  7    Str: 22    XL:     4   Next: 4%
Magic:  3/3        EV:  7    Int:  5    God:
Gold:   58         SH:  9    Dex:  9    Spells: 3/3 levels left

rFire    . . .     SeeInvis .   a - +0 war axe
rCold    . . .     Faith    .   c - +0 kite shield
rNeg     . . .     Spirit   .   b - +0 scale mail
rPois    .         Reflect  .   (helmet restricted)
rElec    .         Harm     .   (no cloak)
rCorr    .         Rampage  .   (no gloves)
Will     .....                  (no boots)
Stlth    ..........             (no amulet)
HPRegen  0.13/turn              (no ring)
MPRegen  0.08/turn              (no ring)

@: brilliant
A: horns 2, retaliatory headbutt
a: no special abilities


You were on level 2 of the Dungeon.
You visited 1 branch of the dungeon, and saw 2 of its levels.

You collected 58 gold pieces.

Inventory:

Hand Weapons
 a - a +0 war axe (weapon)
Armour
 b - a +0 scale mail (worn)
 c - a +0 kite shield (worn)
Scrolls
 f - a scroll of fear {unknown}
 g - 3 scrolls of identify {unknown}
Potions
 d - a potion of might
 e - a potion of brilliance


   Skills:
 + Level 4.3 Fighting
 * Level 3.6 Axes
 + Level 4.2 Armour
 + Level 4.1 Shields


You had 3 spell levels left.
You didn't know any spells.
Your spell library contained the following spells:

 Spells                   Type           Power      Damage    Failure   Level
 Corona                   Hex            0%         N/A       99%         1
 Ensorcelled Hibernation  Hex/Ice        0%         N/A       100%        2
 Confusing Touch          Hex            0%         N/A       100%        3
 Dazzling Flash           Conj/Hex       0%         N/A       100%        3
 Tukima's Dance           Hex            0%         N/A       100%        3


Dungeon Overview and Level Annotations

Branches:
Dungeon (2/15)

Altars:

Annotations:
D:2 Natasha


Innate Abilities, Weirdness & Mutations

You have a pair of horns on your head.
You reflexively headbutt those who attack you in melee.


Message History

You block the ball python's attack. The ball python grabs you.
The ball python constricts you.
The ball python bites you but does no damage.
The ball python constricts you.
You barely miss the ball python.
The ball python is moderately wounded.
The ball python completely misses you. The ball python constricts you.
The ball python barely misses you. The ball python constricts you.
You hit the ball python.
You kill the ball python!
Natasha, Servant of Life and Death comes into view.
Natasha hisses angrily.
Natasha casts a spell at you. The magic dart hits you. Natasha claws you.
* * * LOW HITPOINT WARNING * * *
You barely miss Natasha. Natasha claws you!
* * * LOW HITPOINT WARNING * * *
You completely miss Natasha.
Natasha casts a spell.
Natasha claws you.
* * * LOW HITPOINT WARNING * * *
You slash Natasha!
Natasha is severely wounded.
You block Natasha's attack.
Unknown command.
It was a potion of brilliance.
You feel clever all of a sudden. Natasha claws you but does no damage.
You barely miss Natasha.
Natasha is severely wounded.
The shadow imp grins evilly.
Natasha mumbles some strange words.
You feel disoriented. You block Natasha's attack. Natasha closely misses you.
You furiously retaliate!
You headbutt Natasha, but do no damage. You barely miss Natasha.
Natasha is severely wounded.
Natasha claws you.
You die...

. .. ...
..### ..5
#h## ###
#.@### ..#
##...# #..#
###.#
.######.#
.....
......#.#####
....
#.(.....# ##
#..#
###.###...#
.### ##..#
#.# .. ...#
#...# #.###


You could see Natasha and a shadow imp (summoned).

Vanquished Creatures
  Natasha (D:2)
  4 bats
  2 endoplasms
  2 giant cockroaches
  4 goblins
  5 hobgoblins
  11 jackals
  2 kobolds
  A quokka (D:1)
  3 ball pythons
  3 frilled lizards
  2 rats (D:1)
40 creatures vanquished.

Notes
Turn   | Place    | Note
-------+----------+-------------------------------------------
     0 | D:1      | leviel the Minotaur Fighter began the quest for the Orb.
     0 | D:1      | Reached XP level 1. HP: 19/19 MP: 0/0
   177 | D:1      | Reached XP level 2. HP: 27/27 MP: 1/1
   193 | D:1      | Found a faded altar of an unknown god.
   552 | D:1      | Reached XP level 3. HP: 30/33 MP: 2/2
   890 | D:2      | Noticed Natasha
   897 | D:2      | Killed Natasha
   898 | D:2      | Reached XP level 4. HP: 18/41 MP: 3/3
   908 | D:2      | Noticed Natasha
   913 | D:2      | HP: 1/41 [Natasha (2)]
   917 | D:2      | Slain by Natasha

Illustrated notes

Levels and vault maps discovered:
D:1:      scummos_arrival_simple_crosswalls, layout_rooms,
          hellmonk_ecumenical_altar_run_dry
D:2:      layout_rooms, uniq_natasha

Skill      XL: |  1  2  3 |
---------------+----------+-----
Fighting       | 4 |  4.3
Armour         | 4 |  4.2
Axes           | 3 |  3.6
Shields        | 4 |  4.1

Action                   |  1- 3 |  4- 6 || total
-------------------------+-------+-------++-------
Melee: War axe           |    91 |    11 ||   102
       Headbutt          |    13 |       ||    13
  Use: Potion            |       |     1 ||     1
Armor: Scale mail        |    69 |     3 ||    72
Dodge: Dodged            |    55 |     4 ||    59
Block: Kite shield       |    76 |     6 ||    82

Table legend: (Time is in decaauts)
 A = Elapsed time spent in this place.
 B = Non-inter-level travel time spent in this place.
 C = Inter-level travel time spent in this place.
 D = Time resting spent in this place.
 E = Time spent auto-exploring this place.
 F = Levels seen in this place.
 G = Mean time per level.
                   A        B        C        D        E       F      G
               +--------+--------+--------+--------+--------+-----+--------+
         Total |    974 |    953 |     21 |    183 |    530 |   2 |  487.0 |
       Dungeon |    974 |    953 |     21 |    183 |    530 |   2 |  487.0 |
               +--------+--------+--------+--------+--------+-----+--------+

Top non-repeatable levels by time:
     D:1: 744 daAuts
     D:2: 230 daAuts
